 Dungeon Crawl Stone Soup version 0.23.1-37-gaa34b87 (webtiles) character file.

Game seed: 3291351368590105976

32 slphil the Grave Robber (level 3, -1/18 HPs)
             Began as a Vine Stalker Necromancer on Mar 26, 2019.
             Slain by an adder (2 damage)
             ... on level 2 of the Dungeon.
             The game lasted 00:04:37 (1739 turns).

slphil the Grave Robber (Vine Stalker Necromancer)  Turns: 1739, Time: 00:04:38

Health: -1/18      AC:  3    Str: 10    XL:     3   Next: 25%
Magic:  0/7        EV: 11    Int: 16    God:
Gold:   50         SH:  0    Dex: 14    Spells: 0/7 levels left

rFire    . . .     SeeInvis .   f - +3 dagger
rCold    . . .     Gourm    .   (no shield)
rNeg     . . .     Faith    .   d - +0 leather armour
rPois    +         Spirit   +   (no helmet)
rElec    .         Reflect  .   (no cloak)
rCorr    .         Harm     .   (no gloves)
MR       .....                  (no boots)
Stlth    ++........             (no amulet)
HPRegen  0.06/turn              l - ring of poison resistance
MPRegen  0.10/turn              (no ring)

@: hasted, very quick
A: fangs 2, magic shield, antimagic bite, no potion heal 3, rot immunity
a: no special abilities


You were on level 2 of the Dungeon.
You were not hungry.

You visited 1 branch of the dungeon, and saw 2 of its levels.

You collected 50 gold pieces.

Inventory:

Hand Weapons
 f - a +3 dagger (weapon)
Armour
 d - a +0 leather armour (worn)
Jewellery
 l - a ring of poison resistance (left hand)
Scrolls
 a - a scroll of identify {unknown}
 b - 2 scrolls of remove curse {unknown}
 g - a scroll of magic mapping {unknown}
 h - a scroll of enchant armour {unknown}
 i - a scroll of fog {unknown}
 k - a scroll of enchant weapon {unknown}
Comestibles
 c - 2 rations
 j - a chunk of flesh


   Skills:
 + Level 1.1 Fighting
 * Level 1.2 Short Blades
 - Level 1.5 Dodging
 + Level 2.9 Stealth
 + Level 2.6 Spellcasting
 - Level 4.0 Necromancy


You couldn't memorise any spells.
You knew the following spells:

 Your Spells              Type           Power        Failure   Level  Hunger
a - Pain                  Necr           ##..         5%          1    #......
b - Vampiric Draining     Necr           ##........   16%         3    ###....
c - Regeneration          Chrm/Necr      #.........   34%         3    ###....

Your spell library contained the following spells:

 Spells                   Type           Power        Failure   Level  Hunger
 Animate Skeleton         Necr           N/A          5%          1    #......
 Animate Dead             Necr           N/A          45%         4    #####..


Dungeon Overview and Level Annotations

Branches:
Dungeon (2/15)

Altars:

Annotations:
D:2 Terence


Innate Abilities, Weirdness & Mutations

You have extremely sharp teeth.
When hurt, damage is shared between your health and your magic reserves.
Your bite disrupts and absorbs the magic of your enemies.
Potions cannot restore your health.
You are immune to rotting.


Message History

Confirm with . or Enter, or press ? or * to list all spells.
Aiming: Pain (safe; 5% risk of failure)
Press: ? - help, Shift-Dir - straight line, f - adder
Aim: an adder (chance to defeat MR: 79%)
The adder barely resists.
The adder bites you but does no damage.
Casting: Pain (safe; 5% risk of failure)
Confirm with . or Enter, or press ? or * to list all spells.
Aiming: Pain (safe; 5% risk of failure)
Press: ? - help, Shift-Dir - straight line, f/p - adder
Aim: an adder (chance to defeat MR: 79%)
The adder writhes in agony.
The adder barely misses you.
Casting: Pain (safe; 5% risk of failure)
Confirm with . or Enter, or press ? or * to list all spells.
Aiming: Pain (safe; 5% risk of failure)
Press: ? - help, Shift-Dir - straight line, f/p - adder
Aim: an adder (lightly wounded, chance to defeat MR: 79%)
The adder writhes in agony.
The adder bites you. x2
* * * LOW HITPOINT WARNING * * *
It was a potion of haste.
You feel yourself speed up. The adder bites you.
You die...

#...##### #.#).# .
.....# #....#.# #....# #
#.##.#.###
#....######.##.#......#
##........#.........#.#
####.####.####.#.####
...รท.####.# #..b...#
.......>..# ###S##.#
..#..####.# #@##.#.#.
#.#.......######........
#......##.....^.#####.##
###..#.##.#####.#
.....#.......##.#
###...........#.#
#........##..#.#
##..............#
.....##.##....###


You could see an adder and a bat.

Vanquished Creatures
  4 bats
  3 giant cockroaches (D:1)
  3 goblins
  5 hobgoblins
  A quokka (D:2)
  5 frilled lizards
  5 kobolds
  2 rats
28 creatures vanquished.

Notes
Turn   | Place    | Note
-------+----------+-------------------------------------------
     0 | D:1      | slphil the Vine Stalker Necromancer began the quest for the
                  | Orb.
     0 | D:1      | Reached XP level 1. HP: 9/9 MP: 4/4
   183 | D:1      | Reached XP level 2. HP: 14/14 MP: 6/6
   316 | D:1      | Reached skill level 1 in Fighting
   861 | D:1      | Reached skill level 1 in Short Blades
   862 | D:1      | Reached XP level 3. HP: 12/18 MP: 5/7
  1284 | D:2      | Noticed Terence
  1623 | D:2      | Learned a level 3 spell: Vampiric Draining
  1627 | D:2      | Learned a level 3 spell: Regeneration
  1739 | D:2      | Slain by an adder

Skill      XL: |  1  2 |
---------------+-------+-----
Fighting       | 1 |  1.1
Short Blades   | 1 |  1.2
Dodging        | |  1.5
Stealth        | |  2.9
Spellcasting   | |  2.6
Necromancy     | |  4.0

Action                   || total
-------------------------++-------
Melee: Dagger            ||    72
       Bite              ||    17
 Cast: Pain              ||     9
  Use: Potion            ||     1
 Stab: Sleeping          ||     4
  Eat: Chunk             ||     3
Armor: Robe              ||    13
       Leather armour    ||     5
Dodge: Dodged            ||    62
